Cogmind - Beta 15 @@@ ROGUE MODE // 2025.06.01 @ 23:21:31 Player: Nisakard Result: Destroyed by G-47 Trooper with Particle Gun Performance ------------- Evolutions (2) 1000 Regions Visited (5) 1000 Robots Destroyed (87) 435 Value Destroyed (2445) 2445 Prototype IDs (31) 620 Alien Tech Used (0) 0 Bonus (307) 307 TOTAL SCORE: 5807 Bonus ------- Follower Combat Kills 7 Aligned with FarCom 300 Cogmind --------- Core Integrity 0/550 Matter 238/300 Energy 85/100 System Corruption 0% Temperature Danger (445) Movement Rolling (175) Ox5 Location -8/Materials Parts ------- > --- POWER (1) -------- (None) > --- PROPULSION (2) --- Compact Wheel > --- UTILITY (6) ------ Huge Storage Unit Signal Interpreter Improved Melee Analysis Suite Core Analyzer Microactuators > --- WEAPON (2) ------- Gatling Laser Gauss Cannon > --- INVENTORY (25) --- Nuclear Core Nuclear Core Light Nuclear Core Medium Treads High-capacity Matter Pod (200) Improved Terrain Scanner Army-in-a-Box (30/30) Datajack Improved Datajack Katana Katana Makeshift Sword Peak State ------------ > --- POWER ------------ Light Nuclear Core > --- PROPULSION ------- Armored Huge Wheel > --- UTILITY ---------- Huge Storage Unit Signal Interpreter Improved Melee Analysis Suite Microactuators Improved Propulsion Shielding Hardened Medium Armor Plating > --- WEAPON ----------- Katana Makeshift Sword > --- INVENTORY -------- Nuclear Core Light Nuclear Core Light Nuclear Core Medium Treads Wheel Wheel Compact Wheel High-capacity Matter Pod Improved Terrain Scanner Hardened Medium Armor Plating Army-in-a-Box Gatling Laser Gauss Cannon Mini Grenade Launcher Mini Grenade Launcher Datajack Improved Datajack Katana Katana Proton Bomb Trap [Rating: 44] Favorites ----------- Power Light Nuclear Core Engine Ion Engine Power Core Light Nuclear Core Propulsion Compact Wheel Treads Light Treads Wheel Compact Wheel Utility Huge Storage Unit Device Improved Terrain Scanner Storage Huge Storage Unit Processor Signal Interpreter Protection Hardened Medium Armor Plating Weapon Beam Rifle Energy Gun Beam Rifle Ballistic Gun Assault Rifle Ballistic Cannon Gauss Cannon Launcher Mini Grenade Launcher Slashing Weapon Makeshift Sword Special Melee Weapon Datajack Build | -11 -10 -10 -10 -9 -8 ------- Run | Yrd Mat Min Exi Min Mat Slots Evolved 4 | . . . . . 4 Power . | . . . . . . Propulsion . | . . . . . . Utility 4 | . . . . . 4 Weapon . | . . . . . . Parts Attached 55 | 7 12 3 . 8 25 Power 10 | 1 2 1 . 1 5 Engine 5 | 1 . 1 . 1 2 Core 5 | . 2 . . . 3 Reactor . | . . . . . . Propulsion 10 | 2 3 1 . 1 3 Treads 2 | 2 . . . . . Leg . | . . . . . . Wheel 8 | . 3 1 . 1 3 Hover . | . . . . . . Flight . | . . . . . . Utility 17 | 2 3 1 . 1 10 Device 4 | 1 . 1 . . 2 Storage 4 | 1 2 . . . 1 Processor 3 | . . . . 1 2 Hackware . | . . . . . . Protection 6 | . 1 . . . 5 Artifact . | . . . . . . Weapon 18 | 2 4 . . 5 7 Energy Gun 5 | . 4 . . . 1 Energy Cannon . | . . . . . . Ballistic Gun 3 | 2 . . . . 1 Ballistic Cannon 1 | . . . . . 1 Launcher 4 | . . . . 2 2 Special Weapon . | . . . . . . Impact Weapon . | . . . . . . Slashing Weapon 3 | . . . . 2 1 Piercing Weapon . | . . . . . . Special Melee Weapon 2 | . . . . 1 1 Unidentified Prototypes . | . . . . . . Parts Lost 17 | . 4 1 . . 12 Power 2 | . . . . . 2 Propulsion 5 | . 2 . . . 3 Utility 4 | . . 1 . . 3 Weapon 6 | . 2 . . . 4 Highest Loss Streak 4 | . 2 1 . . 4 To Critical Strikes . | . . . . . . Average Backups 16 | 2 10 19 20 19 17 Power 2 | . 1 2 2 2 2 Propulsion 2 | . 1 3 4 3 3 Utility 4 | . 1 7 6 5 3 Weapon 5 | . 5 5 5 7 5 Tool/Special . | . . . . . . Unused Backups 27 | 2 3 . 6 5 11 Power 7 | . 2 . . . 5 Propulsion 3 | 2 . . . . 1 Utility 10 | . . . 5 3 2 Weapon 6 | . 1 . 1 2 2 Tool/Special 1 | . . . . . 1 Average Slot Usage (%) 94 | . 97 99 100 90 88 Engine 5 | . . 7 14 14 1 Core 6 | . 12 6 . . 7 Treads 3 | . 11 . . . . Wheel 18 | . 15 28 28 19 10 Device 8 | . 8 3 14 4 12 Storage 12 | . 14 14 14 14 9 Processor 6 | . . . . 9 19 Protection 6 | . 5 10 . . 11 Energy Gun 15 | . 27 28 28 . . Launcher 3 | . . . . 17 1 Slashing Weapon 3 | . . . . . 14 Special Melee Weapon 1 | . . . . 9 . Peak Build Rating 44 | 9 14 14 18 28 44 Average Rating 21 | 6 12 12 14 21 40 On Entrance 13 | . 9 13 14 18 28 Naked Turns . | . . . . . . Heaviest Build 110 | 14 94 94 92 92 110 Greatest Support 40 | 40 40 26 26 28 34 Greatest Overweight (x) 9 | . 5 3 3 8 9 Average Overweight (x) 2 | . 1 3 3 3 2 Largest Inventory Capacity 25 | 8 25 25 25 25 25 Average Capacity 22 | 7 19 25 25 25 25 Most Carried 25 | 4 18 22 24 25 25 Average Carried 18 | 2 10 19 21 24 22 Final Capacity 25 | 8 25 25 25 25 25 Final Carried 25 | 3 18 21 24 25 17 Class Distribution -------------------- 56% | Mutant 20% | Gladiator 17% | Scavenger-Mutant 4% | Scavenger-Skirmisher Dominant Class ---------------- Mutant | -10/Materials Mutant | -10/Mines Scavenger-Mutant | -10/Exiles Mutant | -9/Mines Gladiator | -8/Materials Resources | -11 -10 -10 -10 -9 -8 ----------- Run | Yrd Mat Min Exi Min Mat Matter Collected 1642 | 325 354 81 8 180 694 Remotely . | . . . . . . Salvage Created 3000 | 112 864 304 . 173 1547 Parts 183 | 9 45 17 . 10 102 Haulers Intercepted 5 | . 2 . . . 3 Recyclers Shooed 4 | . 4 . . . . Parts Field Recycled . | . . . . . . Retrieved Matter . | . . . . . . Parts Self-Destructed . | . . . . . . Prevented . | . . . . . . Kills | -11 -10 -10 -10 -9 -8 ------- Run | Yrd Mat Min Exi Min Mat Combat Hostiles Destroyed 63 | . 14 9 . 6 34 Melee 22 | . . . . . 22 Guns 26 | . 14 9 . . 3 Cannons 2 | . . . . . 2 AOE 13 | . . . . 6 7 Classes Destroyed 14 | 2 5 1 . 2 4 Worker 7 | . 4 . . 1 2 Builder 3 | . . . . 1 2 Tunneler 3 | 3 . . . . . Hauler 5 | . 2 . . . 3 Recycler 3 | 1 2 . . . . Mechanic 1 | . . . . . 1 Watcher 4 | . 3 . . . 1 Swarmer 11 | . 3 2 . . 6 Cutter 3 | . . . . . 3 Grunt 33 | . 11 5 . 5 12 Duelist 4 | . . . . 1 3 Sentry 2 | . . . . . 2 Specialist 8 | . . . . . 8 Assembled 2 | . . 2 . . . Best Kill Streak 7 | 1 3 2 . 4 7 Combat Bots Only 6 | . 2 2 . 3 6 Max Kills in Single Turn 4 | 1 2 1 . 4 2 Gunslinging . | . . . . . . Exploded 3 | . . . . 3 2 Melee 1 | . . . . . 1 Uniques/NPCs Destroyed . | . . . . . . Combat | -11 -10 -10 -10 -9 -8 -------- Run | Yrd Mat Min Exi Min Mat Hostile Shots Fired 246 | . 47 26 . 3 170 Missed 58 | . 8 7 . 1 42 Hits 188 | . 39 19 . 2 128 Melee 12 | . . 1 . . 11 Projectile 176 | . 39 18 . 2 117 Critical Strikes 5 | . . . . . 5 Part Disruptions 1 | . . 1 . . . Damage Taken 3176 | . 518 216 . 22 2420 Core 703 | . 80 51 . 11 561 Absorbed by Shields . | . . . . . . Redirected to Shielding 85 | . . . . . 85 Regen/Repaired (Parts) 10 | . 10 . . . . Core Remaining (%) 71 | 100 . . . 43 . Volleys Fired 145 | 21 70 21 . 4 29 Largest 2 | 2 2 2 . 2 2 Hottest 120 | 40 112 112 . 60 120 Shots Fired 270 | 32 136 43 . 8 51 Gun 218 | 32 136 43 . . 7 Cannon 16 | . . . . . 16 Launcher 36 | . . . . 8 28 Special . | . . . . . . Kinetic 48 | 32 . . . . 16 Thermal 186 | . 136 43 . . 7 Explosive 32 | . . . . 8 24 Electromagnetic 4 | . . . . . 4 Robot Hit Streak 11 | 7 11 7 . 8 10 Robot Miss Streak 3 | 2 3 3 . . 3 Penetration Max 1 | . . . . . 1 Secondary Targets 1 | . 1 . . . . Max Gunslinging Chain 1 | . 1 . . . . Shots Hit Robots 230 | 19 81 22 . 3 105 Core Hits 126 | 6 33 10 . 17 60 Critical Kills . | . . . . . . Critical Parts Destroyed . | . . . . . . Critical Strikes 19 | . 8 4 . . 7 Burn 12 | . 8 4 . . . Blast 1 | . . . . . 1 Sever 6 | . . . . . 6 Melee Attacks 100 | . . . . 2 98 Impact . | . . . . . . Slashing 98 | . . . . . 98 Piercing . | . . . . . . Sneak Attacks 6 | . . . . 2 4 Combat Hostiles . | . . . . . . Follow-up Attacks 11 | . . . . . 11 Damage Inflicted 7439 | 201 1234 341 . 529 5134 Guns 1940 | 201 1234 341 . . 164 Cannons 358 | . . . . . 358 Explosions 2399 | . . . . 529 1870 Melee 2742 | . . . . . 2742 Ramming . | . . . . . . Kinetic 559 | 201 . . . . 358 Thermal 1739 | . 1234 341 . . 164 Explosive 2155 | . . . . 529 1626 Electromagnetic 244 | . . . . . 244 Impact . | . . . . . . Slashing 2742 | . . . . . 2742 Piercing . | . . . . . . Highest Corruption 1 | . 1 1 1 1 . Average Corruption 1 | . 1 1 1 1 . Corruption Purged . | . . . . . . Corruption Blocked . | . . . . . . Effects 20 | . 2 5 5 8 . Message Errors 7 | . 2 1 1 3 . Matter Fused 2 | . . 1 1 . . Heat Flow Errors 2 | . . . 1 1 . Energy Discharges 1 | . . . . 1 . Data Loss (minor) 3 | . . 1 1 1 . Data Loss (major) 3 | . . 1 1 1 . Misfires 1 | . . 1 . . . Alerts 1 | . . . . 1 . Overload Shots . | . . . . . . Overflow Damage 120 | . . . . . 120 Projectiles . | . . . . . . Explosions 43 | . . . . . 43 Melee 77 | . . . . . 77 Knockbacks 1 | . . . . . 1 Impact . | . . . . . . Kinetic 1 | . . . . . 1 Secondary . | . . . . . . Self-Inflicted Damage 111 | . . . . . 111 Shots 4 | . . . . . 4 Rammed . | . . . . . . Targets Rammed . | . . . . . . Kicked . | . . . . . . Crushed . | . . . . . . Highest Temperature 549 | . 549 461 143 151 436 Average Temperature 127 | . 135 136 73 42 97 Received Heat Transfer 856 | . 177 145 . 12 522 Effects 19 | . 17 2 . . . Shutdowns 1 | . 1 . . . . Energy Bleed 4 | . 3 1 . . . Interference 3 | . 3 . . . . Matter Decay 1 | . . 1 . . . Damage (minor) 2 | . 2 . . . . Damage (major) 7 | . 7 . . . . Damage (core) 1 | . 1 . . . . Siege Activations . | . . . . . . Martial Activations . | . . . . . . Shielding Activations . | . . . . . . Robots Disrupted . | . . . . . . Combat Hostiles . | . . . . . . Robots Corrupted . | . . . . . . Combat Hostiles . | . . . . . . Parts Fried 1 | . . . . . 1 Impact Corruptions . | . . . . . . Robots Melted . | . . . . . . Combat Hostiles . | . . . . . . Parts Melted 7 | . 7 . . . . Heat Transferred 5222 | . 3700 1147 . . 375 Parts Sabotaged . | . . . . . . Parts Stolen . | . . . . . . Parts Stripped . | . . . . . . Power Chain Reactions . | . . . . . . Alert | -11 -10 -10 -10 -9 -8 ------- Run | Yrd Mat Min Exi Min Mat Maximum Alert Level 1 | . . . . . 1 Low Security (%) 99 | 100 100 100 . 100 96 Level 1 . | . . . . . 3 Level 2 . | . . . . . . Level 3 . | . . . . . . Level 4 . | . . . . . . Level 5 . | . . . . . . High Security . | . . . . . . Max Security . | . . . . . . Peak Influence 327 | 5 73 80 . 107 327 Initial . | . . . . . . Average 32 | . 19 17 . 12 75 Influence Increases 2097 | 20 468 229 . 177 1203 Destroy 0b10 Robot/C 1240 | . 280 160 . 120 680 Destroy 0b10 Robot/NC 130 | 20 55 . . 10 45 Destroy Leader 238 | . 60 20 . 20 138 Allied During Kill 4 | . . 4 . . . Trap Triggered on 0b10 30 | . . . . . 30 Successful Hack 44 | . 35 . . . 9 Select Force Hacks 30 | . 30 . . . . Disable Machine 60 | . . . . . 60 Destroy Structure 141 | . 8 . . 27 106 Partial Spotted 15 | . . . . . 15 Lose Combat Pursuer 165 | . . 45 . . 120 Influence Decreases 1770 | 20 468 195 34 177 876 Entered New Map 34 | . . . 34 . . Time Decay 1207 | 20 358 175 . 177 477 Lost Part 150 | . 30 . . . 120 Lost Ally 20 | . . 20 . . . Purge Threat 359 | . 80 . . . 279 Squads Dispatched 10 | . 1 . . . 9 Investigation 1 | . 1 . . . . Extermination . | . . . . . . Reinforcement 8 | . . . . . 8 Assault . | . . . . . . Garrison 1 | . . . . . 1 Intercept . | . . . . . . Searches Triggered . | . . . . . . Construction Impeded . | . . . . . . Haulers Reinforced . | . . . . . . Active Scanning Responses . | . . . . . . Cargo Convoy Interrupts . | . . . . . . Stealth | -11 -10 -10 -10 -9 -8 --------- Run | Yrd Mat Min Exi Min Mat Distress Signals 8 | . 3 . . . 5 Communications Jammed . | . . . . . . Distress Signals . | . . . . . . Times Spotted 93 | . 20 13 . 3 57 Peak Tracking Total 8 | . 4 3 . 3 8 Tactical Retreats 10 | . . 3 . . 7 Traps | -11 -10 -10 -10 -9 -8 ------- Run | Yrd Mat Min Exi Min Mat Traps Triggered 3 | . 2 . . 1 . Indirectly . | . . . . . . Trap Hack Attempts 112 | . . . . 49 63 Triggered . | . . . . . . Disarmed . | . . . . . . Reprogrammed 7 | . . . . 3 4 Reused 3 | . . . . . 3 Traps Extracted . | . . . . . . Installed 1 | . . . . . 1 Triggered 3 | . . . . . 3 Most Traps Carried 1 | . . . . 1 1 Machines | -11 -10 -10 -10 -9 -8 ---------- Run | Yrd Mat Min Exi Min Mat Machines Disabled 4 | . . . . . 4 Max in Single Turn 2 | . . . . . 2 Machines Repaired . | . . . . . . Machines Dismantled . | . . . . . . Machines Sabotaged . | . . . . . . Overloaded Fab Kills . | . . . . . . Hacking | -11 -10 -10 -10 -9 -8 --------- Run | Yrd Mat Min Exi Min Mat Machines Accessed 19 | . 11 . 1 1 6 Terminals 13 | . 8 . . . 5 Fabricators . | . . . . . . Repair Stations 1 | . 1 . . . . Recycling Units 3 | . 2 . . . 1 Scanalyzers . | . . . . . . Garrison Access . | . . . . . . Total Hacks 65 | . 42 . 1 1 21 Successful 35 | . 25 . 1 1 8 Failed 30 | . 17 . . . 13 Catastrophic 7 | . 5 . . . 2 Database Lockouts . | . . . . . . Manual 32 | . 20 . 1 . 11 Terminals 38 | . 20 . . . 18 Fabricators . | . . . . . . Repair Stations 14 | . 14 . . . . Recycling Units 11 | . 8 . . . 3 Scanalyzers . | . . . . . . Garrison Access . | . . . . . . Terminal Hacks 17 | . 9 . 1 1 6 Robot Analysis 3 | . 3 . . . . Prototype ID Bank 5 | . 3 . . . 2 Open Door 1 | . . . . 1 . Emergency Access Points 1 | . . . . . 1 Terminal Index 1 | . 1 . . . . Unreport Threat 4 | . 2 . . . 2 Locate Traps 1 | . . . . . 1 Proto ID Catalog 1 | . . . 1 . . Fabricator Hacks . | . . . . . . Repair Station Hacks 9 | . 9 . . . . Scan Component 5 | . 5 . . . . Repair 4 | . 4 . . . . Recycling Unit Hacks 6 | . 4 . . . 2 Report Inventory 3 | . 2 . . . 1 Retrieve Matter 1 | . 1 . . . . Retrieve Components 2 | . 1 . . . 1 Scanalyzer . | . . . . . . Garrison Access Hacks . | . . . . . . Unauthorized Hacks 3 | . 3 . . . . Terminals 1 | . 1 . . . . Operators 1 | . 1 . . . . Fabricators . | . . . . . . Repair Stations . | . . . . . . Recycling Units 2 | . 2 . . . . Recyclers 1 | . 1 . . . . Tunnel 1 | . 1 . . . . Scanalyzers . | . . . . . . Garrison Access . | . . . . . . Data Cores Recovered . | . . . . . . Used . | . . . . . . Hacking Detections 15 | . 9 . . . 6 Full Trace Events 1 | . . . . . 1 Feedback Events . | . . . . . . Feedback Blocked . | . . . . . . Robot Schematics Acquired . | . . . . . . Robots Built . | . . . . . . Authchips . | . . . . . . Time . | . . . . . . Total Robot Build Rating . | . . . . . . Part Schematics Acquired . | . . . . . . Parts Built . | . . . . . . Authchips . | . . . . . . Time . | . . . . . . Total Part Build Rating . | . . . . . . Parts Repaired 4 | . 4 . . . . Time 116 | . 116 . . . . Parts Recycled . | . . . . . . Recycled Matter . | . . . . . . Retrieved Matter 178 | . 178 . . . . Retrieved Components 5 | . 2 . . . 3 Parts Scanalyzed . | . . . . . . Part Schematics Acquired . | . . . . . . Parts Damaged . | . . . . . . Bothacking | -11 -10 -10 -10 -9 -8 ------------ Run | Yrd Mat Min Exi Min Mat Used RIF Installer . | . . . . . . Robots Hacked 1 | . . . . 1 . Non-combat 1 | . . . . 1 . Combat . | . . . . . . Robot Hacks Applied 1 | . . . . 1 . no_distress 1 | . . . . 1 . Relay Couplers Released . | . . . . . . Fabnet Peak Effective % . | . . . . . . Robots Rewired . | . . . . . . Allies Hacked . | . . . . . . Hacks Repelled . | . . . . . . Allies | -11 -10 -10 -10 -9 -8 -------- Run | Yrd Mat Min Exi Min Mat Total Allies 1 | . . 1 . . . Largest Group 1 | . . 1 . . . Highest-Rated Group 31 | . . 31 . . . Highest-Rated Ally 31 | . . 31 . . . Total Orders . | . . . . . . Ally Attacks 8 | . . 8 . . . Total Damage 125 | . . 125 . . . Kills 1 | . . 1 . . . Allies Corrupted . | . . . . . . Allies Melted . | . . . . . . Intel | -11 -10 -10 -10 -9 -8 ------- Run | Yrd Mat Min Exi Min Mat Active Infowar (turns) 2515 | 93 952 336 635 355 144 Terrain 2515 | 93 952 336 635 355 144 Robot Analysis Total 3 | . 3 . . . . Derelict Logs Recovered 6 | . . 3 . 3 . Drone Launches . | . . . . . . Drone Recoveries . | . . . . . . Exploration | -11 -10 -10 -10 -9 -8 ------------- Run | Yrd Mat Min Exi Min Mat Turns Passed 7053 | 218 1841 1333 635 1250 1776 Spaces Moved 3721 | 96 968 785 466 672 734 Core 2 | 2 . . . . . Treads 447 | 94 353 . . . . Legs . | . . . . . . Wheels 3272 | . 615 785 466 672 734 Hover . | . . . . . . Flight . | . . . . . . Fastest Speed 50 | 50 100 135 135 135 130 Average Speed 140 | 157 144 135 135 142 139 Slowest Speed 240 | 160 240 135 135 200 215 Overloaded Moves . | . . . . . . Propulsion Burnouts . | . . . . . . Robots Hopped . | . . . . . . Potential Cave-ins . | . . . . . . Cave-ins Triggered . | . . . . . . Exploration Rate (%) 70 | 8 97 100 79 99 41 Regions Visited 5 Branch Regions 3 Pre-discovered Areas 4 | . 1 2 . 1 . Known Exits Taken 1 | . . . . 1 . Unknown Exits Taken 4 | 1 1 1 1 . . Scrap Searched 4 | . . 1 . 3 . Spaces Dug . | . . . . . . Terrain Destroyed 156 | . . . . 30 126 Melee . | . . . . . . Projectile 7 | . . . . . 7 AOE 149 | . . . . 30 119 Terrain Rammed . | . . . . . . Walls Destroyed . | . . . . . . Machines Disabled . | . . . . . . Actions | -11 -10 -10 -10 -9 -8 --------- Run | Yrd Mat Min Exi Min Mat Total 5219 | 130 1269 1015 475 959 1371 Wait 972 | . 189 204 . 196 383 Move 3716 | 95 967 784 465 671 734 Hop . | . . . . . . Pick Up 64 | 5 22 3 4 12 18 Fast Attach 18 | 7 4 . . 2 5 Attach 20 | . 3 1 . 1 15 Detach . | . . . . . . Swap 42 | . 8 2 . 9 23 Drop 44 | 2 6 . 6 13 17 Fire 145 | 21 70 21 . 4 29 Melee 85 | . . . . 2 83 Ram . | . . . . . . Kick . | . . . . . . Crush . | . . . . . . Escape Stasis . | . . . . . . Rewire . | . . . . . . Trap 113 | . . . . 49 64 Miscellaneous . | . . . . . . Route ------- -11/Scrapyard -10/Materials (discovered 6 exits: [*Mat x3] / [*Min x2] / [*Sub]) -10/Mines (discovered 4 exits: [*Mat x2] / *Exi / [*Sub]) -10/Exiles (discovered 2 exits: *Min x2) -9/Mines (discovered 2 exits: *Mat x2) -8/Materials (discovered 1 exit: [*Fac]) History --------- Turn | Location | Event 10 | -11/Scrapyard | Discovered new exit (range 15) 219 | -11/Scrapyard | Entered Materials 307 | -10/Materials | Build established: Mutant 632 | -10/Materials | Discovered new exit (range 9) 1059 | -10/Materials | Discovered new exit (range 16) 1489 | -10/Materials | Discovered new exit (range 7) 1576 | -10/Materials | Discovered new exit (range 5) 1712 | -10/Materials | Repaired Signal Interpreter 1712 | -10/Materials | Repaired Wheel 1712 | -10/Materials | Repaired Lgt. Armor Plating 1750 | -10/Materials | Repaired Lgt. Nuclear Core 1877 | -10/Materials | Discovered new exit (range 13) 1995 | -10/Materials | Discovered new exit (range 15) 2060 | -10/Materials | Entered Mines 2098 | -10/Mines | Learned location of Zion (-7) 2210 | -10/Mines | Deemed a non-threat by the Exiles lab entrance 2210 | -10/Mines | Discovered new exit (range 5) 2289 | -10/Mines | Excavation squad dispatched 2289 | -10/Mines | A large section of the Mines collapsed 2926 | -10/Mines | Received a Mining Laser from a helpful Derelict 3062 | -10/Mines | Discovered new exit (range 9) 3093 | -10/Mines | Discovered new exit (range 7) 3170 | -10/Mines | Core integrity fell below 50% 3185 | -10/Mines | Discovered new exit (range 5) 3363 | -10/Mines | Build established: Scavenger-Mutant 3393 | -10/Mines | Entered Exiles 3412 | -10/Exiles | Discovered new exit (range 15) 3437 | -10/Exiles | Met 8R-AWN 3461 | -10/Exiles | Met EX-HEX 3544 | -10/Exiles | Met EX-DEC 3566 | -10/Exiles | Visited The Gauntlet 3672 | -10/Exiles | Discovered new exit (range 14) 3818 | -10/Exiles | Met EX-BIN 3837 | -10/Exiles | Aligned with FarCom system 3838 | -10/Exiles | Given EX-Vault access code 3880 | -10/Exiles | Opened EX-Vault 3892 | -10/Exiles | Found Army-in-a-Box 3928 | -10/Exiles | Warned to stay clear of 0b10 Research branches 4028 | -10/Exiles | Left Exiles lab with Army-in-a-Box 4028 | -10/Exiles | Entered Mines 4093 | -9/Mines | Met a Derelict bent on vengeance 4330 | -9/Mines | Learned Materials trap positions 4337 | -9/Mines | Build established: Scavenger-Skirmisher 4350 | -9/Mines | Met a Derelict who couldn't figure out how to use a Trap Extractor 4647 | -9/Mines | Discovered new exit (range 12) 4680 | -9/Mines | Build established: Mutant 4705 | -9/Mines | Discovered new exit (range 3) 4834 | -9/Mines | A weapon hastily lodged in a ceiling crevice suddenly fell to the ground 4915 | -9/Mines | Learned Materials terminal intel 4922 | -9/Mines | Found a hidden stash of uninstalled traps 5253 | -9/Mines | Identified exit to Materials 5278 | -9/Mines | Entered Materials 5278 | -8/Materials | Evolved 4 slots: Utility x4 5279 | -8/Materials | Loaded intel: 21 trap records 5280 | -8/Materials | Loaded intel: 11 terminal locations 5593 | -8/Materials | Build established: Gladiator 6251 | -8/Materials | Core integrity fell below 50% 6655 | -8/Materials | Garrison activated, responded to threat 6655 | -8/Materials | Discovered new exit (range 9) 6669 | -8/Materials | Core integrity fell below 20% 6701 | -8/Materials | Lost 4 parts (1n1u2w) 6982 | -8/Materials | Lost 3 parts (1n1u1w) 7054 | -8/Materials | Destroyed by G-47 Trooper with Particle Gun Last Messages --------------- 07032_ C-30 ARC bursts open, deploying its payload. 07032_ L-31 Rogue unfolds itself. 07032_ G-47 Trooper unfolds itself. 07034_ K-01 Serf collects debris. 07035_ C-17 Slicer knocked back. 07037_ K-01 Serf collects debris. 07038_ W-25 Informer sends out distress signal. 07039_ C-17 Slicer destroyed. 07039_ Slug penetrates L-31 Rogue. 07039_ L-31 Rogue destroyed. 07040_ Hrd. Medium Armor Plating severed. 07041_ K-01 Serf collects debris. 07041_ Wheel destroyed. 07042_ C-17 Slicer destroyed. 07048_ G-47 Trooper destroyed. 07048_ Lgt. Nuclear Core destroyed. 07051_ G-47 Trooper Imp. Heat Sink blasted off. 07052_ Critical hit (Burn: +37). [Achievement: This Is Interesting...] Map ----- +----------------------------------------------------+ | | | ????????????????????????????????????????????????? | | ????????????????????????????????????????????????? | | ????????????????????????????????????????????????? | | ????????????????????#???????????????????????????? | | ????????????????????? ??????????????????????????? | | ?????????????????#?? ????????????????????????? | | ?????????????????# ?"" "" ?????????????????????? | | ?????????????????# """ "" ?????????????????????? | | ?????????????????# "" T" ?????????????????????? | | ???????????????### "" ?????????????????????? | | ?????????????#### "" ????????????#????????? | | ?????????????# % ##???????w ?????????? | | ??#########??# # # ######+""#####??????+ | | ??# [! #?### # % ??????? | | ??##[ " #?# # H ???????? | | ???# ] T #??# ????????????? | | ???# " #??# # ##+###% %########???????????# | | ???# ] #??## # #???????????# | | ???# %!!#??## #%g # """#???????????# | | ???####+###???# w = %# %"""#???????????# | | ????# % #???# """ # = # """#???????????# | | ????# ##### """"" #/=%; #???????????# | | ????# + """"" #%==# % """#???????????# | | ????# ##### """"" #*%%=!=[! """#???????????# | | ????# ! #???# """ #@/%= [! *"""#???????????# | | ????### ###???# #!]/#*%=[[= #???#######?# | | ??????# #?????##########]%!###+##########[= #?# | | ??????# ######### ! % = == ### | | ??????# !% %% ^ ![=" | | ??????########+## " a * ### | | ?????????# !!%%[# ^ ############## #?? | | ?????????# ===[# " [ #????????????##* ##?? | | ?????????# =[# ^ """ #?????????????# #### | | ?????????# [ # """ ########??????# # | | ?????????# # """ # #??????# # | | ?????????# # ^ """ # #??????# # | | ?????????######## # """#??????# + | | ???????????????#T + """#??????# # | | ???????????????## ^ # """#??????### # | | ??????????????### # #????????# # | | ??????????????# ^ !![ ########????????# # | | ??????????????# ![[ #???????????????# # | | ??????????????# [[ #???????????????# #### | | ??????????????# #???????????????# | | ??????????????# #???????????????###### | | ?????########### #############????????????????? | | ?????# """ """ # # #????????????????? | | ?????# """ """*# % # """ #????????????????? | | ?????# """ "" / + """"" #????????????????? | +----------------------------------------------------+ Best States ------------- Heat Dissipation 31 Energy Generation 14 Energy Capacity 265 Matter Stores 300 Matter Capacity 300 Sight Range 16 Terrain Scan Range 16 Terrain Scan Density 10 Additional Mass Support 6 Armor Coverage 450 Propulsion Shielding 66 Melee Speed Boost 20 Evasion (%) 40 Melee Accuracy 6 Core Analysis 6 Recoil Reduction 2 Item Schematics ----------------- None Robot Schematics ------------------ None Fabricated ------------ Nothing Repaired ---------- Lgt. Nuclear Core | 80% | -10/Materials Alien Tech Used ----------------- None Achievements -------------- This Is Interesting... Challenges ------------ None Game ------ Seed BlanketDroneSuite Manual? 0 Play Time 00:51:03 Cumulative 9.7 hours Start 2025.06.01 @ 22:33:51 End 2025.06.01 @ 23:21:31 Sessions 1 Manual Loads 0 Difficulty Rogue Special Mode None Game No. 17 Rogue 17 Adventurer 0 Explorer 0 Win Type - Total 0 Types 0/0/0/0/0/0/0/0/0/0 Lore% 25 Gallery% 14 Achievement% 24 Wizard Run 0 Options --------- Layout 1 ASCII 0 Keyboard 0 Movement Numpad Keybinds 0 Fullscreen 2 Font 24/Smallcaps Map View 50x35 Zoom Use 0% Tactical HUD 1 Map Filters NONE Filters NONE Steam 1 RUN: 0d7126e3-adcc-4b8d-b260-703cb74bb065